AoeStats
← Mrachnyy

Arena

510328128Analyzed
2v2 RM · 8h ago on Sep 30, 2026· 36m 52s· 4 players
Game mode
Random Map
Map size
Medium (4 player)
Population
200
Speed
Normal
Resources
Standard
Victory
Conquest
Starting age
Dark Age
Ending age
Imperial Age
RankedLock teamsTeams togetherTeam positionsShared explorationLock speedFull tech treeHidden civsTurbo modeCheats
Victory
Defeat
🇨🇴 Teutons · Colombia
1172
+16
🇹🇼 Khmer · Taiwan
1108
+18
🇨🇦 Saxons · Canada
1189
-18
🇹🇷 Cumans · Türkiye
1144
-16
Whitebear
10:58 Feudal Age
9:38 Loom
12:34 Double-Bit Axe
13:28 Fletching
15:18 Stone Mining
15:19 Gold Mining
21:18 Castle Age
19:07 Horse Collar
22:15 Bow Saw
23:01 Gold Shaft Mining
24:04 Bodkin Arrow
25:41 Wheelbarrow
25:26 Scale Mail Armor
25:39 Squires
27:12 Forging
27:35 Arson
27:46 Town Watch
29:50 Hand Cart
29:46 Gambesons
30:38 Chain Mail Armor
31:53 Padded Archer Armor
32:33 Heavy Plow
33:31 Sanctity
36:57 Imperial Age
35:18 Iron Casting
36:58 Leather Archer Armor
Mrachnyy
10:57 Feudal Age
16:17 Loom
19:55 Castle Age
25:46 Gold Mining
26:52 Fervor
30:22 Capped Ram
Ansscar
8:41 Feudal Age
7:36 Loom
11:02 Fletching
18:53 Double-Bit Axe
20:06 Horse Collar
27:29 Castle Age
25:46 Gold Mining
25:57 Stone Mining
28:21 Bodkin Arrow
30:07 Scale Mail Armor
31:22 Chain Mail Armor
31:18 Forging
31:52 Stone Shaft Mining
33:27 Wheelbarrow
33:22 Squires
35:32 Bloodlines
37:31 Bow Saw
37:27 Heavy Plow
Wade Wang
11:15 Feudal Age
14:57 Castle Age
12:43 Loom
14:40 Double-Bit Axe
16:00 Bow Saw
29:01 Imperial Age
26:30 Gold Mining
26:53 Husbandry
26:56 Stone Mining
27:44 Bloodlines
30:27 Town Watch
31:41 Horse Collar
33:47 Forging
33:43 Scale Barding Armor
34:16 Heavy Plow
35:39 Chain Barding Armor
36:47 Conscription
38:05 Stone Shaft Mining
38:06 Gold Shaft Mining
Connection lost

Rejoining the realm…

Still unreachable

The connection could not be restored.

Session expired

The server has moved on; the page needs a fresh start.